[Event "5th Nebesna Sotnya Rapid 2018"]
[Site "Lutsk"]
[Date "2018.02.17"]
[Round "4"]
[White "Mirzoev, Emil"]
[Black "Snigurov, Maxim"]
[Result "*"]
[ECO "C28"]
[WhiteElo "2405"]
[BlackElo "2150"]
[Annotator "ChessBase"]
[PlyCount "79"]
[EventDate "2018.??.??"]
[EventType "swiss"]
[EventCountry "UKR"]
[SourceTitle "playchess.com"]
[Source "ChessBase"]
[SourceQuality "1"]
[TimeControl "1200+5"]

1. e4 e5 2. Bc4 Nf6 3. d3 Nc6 4. Nc3 Bc5 5. f4 exf4 6. Bxf4 d6 7. Nf3 Be6 8. Bb3 Bb6 9. Qd2 Qd7 10. Ba4 O-O-O 11. d4 Qe7 12. Bxc6 bxc6 13. O-O-O Ba5 14. Qd3 Bxc3 15. Qxc3 Bg4 16. Rhe1 Qd7 17. Bg5 Rde8 18. Bxf6 gxf6 19. Qa5 Bxf3 20. gxf3 Qh3 21. Rd3 f5 22. Qa6+ Kd7 23. Rc3 Qh6+ 24. Kb1 d5 25. e5 Re6 26. Qd3 Qf4 27. Ra3 Rg8 28. Rxa7 Rg2 29. Rd1 Rxh2 30. Qc3 Re8 31. a4 h5 32. Qb4 Qh6 33. a5 h4 34. a6 Rc8 35. Rb7 h3 36. a7 Rg2 37. Rb8 Rgg8 38. a8=Q h2 39. Rxc8 Rxc8 40. Qaa3 *

[Event "5th Nebesna Sotnya Rapid 2018"]
[Site "Lutsk"]
[Date "2018.02.17"]
[Round "5"]
[White "Solovchuk, Oleksiy"]
[Black "Peng, Li Min"]
[Result "1/2-1/2"]
[ECO "A10"]
[WhiteElo "2364"]
[BlackElo "2404"]
[Annotator "ChessBase"]
[PlyCount "174"]
[EventDate "2018.??.??"]
[EventType "swiss"]
[EventCountry "UKR"]
[SourceTitle "playchess.com"]
[Source "ChessBase"]
[SourceQuality "1"]
[TimeControl "1200+5"]

1. c4 f5 2. Nc3 Nf6 3. g3 g6 4. Bg2 Bg7 5. d4 O-O 6. Bg5 d6 7. Qd2 Nc6 8. Rc1 e6 9. Nf3 Qe8 10. O-O Ne4 11. Nxe4 fxe4 12. Ne1 Nxd4 13. Bxe4 Bd7 14. b3 Bc6 15. Bg2 Bxg2 16. Nxg2 b6 17. f3 Qf7 18. Be3 Nf5 19. Bf2 Qf6 20. Rcd1 Qb2 21. Qxb2 Bxb2 22. Nf4 Kf7 23. e4 Ne7 24. Nd3 Bg7 25. Be3 a5 26. a4 Nc6 27. Nf2 Nb4 28. Rd2 Bc3 29. Re2 Ke7 30. Kg2 Nc6 31. Rd1 e5 32. Bh6 Rh8 33. Ng4 Bd4 34. f4 exf4 35. gxf4 Kf7 36. e5 dxe5 37. fxe5 Ke6 38. Rf1 Ne7 39. Rf6+ Kd7 40. Rf7 Ke6 41. Rf6+ Kd7 42. Rd2 c5 43. Rxb6 Rhb8 44. e6+ Kc8 45. Rb5 Rxb5 46. cxb5 Rb8 47. Bf8 Nf5 48. Rc2 Kb7 49. Bh6 Re8 50. Re2 Kc7 51. Bf4+ Kc8 52. Kf1 Ng7 53. Bd2 Nxe6 54. Bxa5 Rf8+ 55. Ke1 Nf4 56. Re7 h5 57. Ne3 Bxe3 58. Rxe3 Ng2+ 59. Ke2 Nxe3 60. Kxe3 Kb7 61. Kd3 Rf4 62. Bc3 g5 63. Be5 Rg4 64. Bf6 h4 65. Kc3 h3 66. a5 Rb4 67. b6 Rb5 68. Bxg5 Rxa5 69. Bd8 Ra1 70. Bc7 Rc1+ 71. Kd3 Kc6 72. Kd2 Rb1 73. Kc2 Rg1 74. Kc3 Rg4 75. Kd3 Rb4 76. Kc3 Re4 77. Kd3 Rg4 78. Kc2 Rg6 79. Kd3 Rg1 80. Kc3 Rg4 81. Kd3 Rb4 82. Kc3 Kd5 83. Bd8 Kc6 84. Bc7 Rg4 85. Kd3 Rb4 86. Kc3 Kd5 87. Bd8 Ke5 1/2-1/2

[Event "5th Nebesna Sotnya Rapid 2018"]
[Site "Lutsk"]
[Date "2018.02.17"]
[Round "6"]
[White "Seletsky, Grigory"]
[Black "Solovchuk, Oleksiy"]
[Result "1/2-1/2"]
[ECO "A46"]
[WhiteElo "2336"]
[BlackElo "2364"]
[Annotator "ChessBase"]
[PlyCount "187"]
[EventDate "2018.??.??"]
[EventType "swiss"]
[EventCountry "UKR"]
[SourceTitle "playchess.com"]
[Source "ChessBase"]
[SourceQuality "1"]
[TimeControl "1200+5"]

1. d4 Nf6 2. Nf3 e6 3. Bf4 b6 4. e3 Bb7 5. h3 c5 6. c3 cxd4 7. exd4 Be7 8. Bd3 O-O 9. O-O d6 10. a4 a6 11. Nbd2 Nbd7 12. Re1 Re8 13. Qb1 Qc7 14. Ne4 Nxe4 15. Bxe4 Nf6 16. Bxb7 Qxb7 17. c4 d5 18. b3 Rac8 19. Qd3 Bb4 20. Rec1 dxc4 21. bxc4 Qe4 22. Qb3 a5 23. Be3 Nd7 24. Qc2 Qxc2 25. Rxc2 Rc7 26. Bd2 Rec8 27. Bxb4 axb4 28. Nd2 Nb8 29. Rb2 Rd7 30. Rxb4 Rxd4 31. Nb3 Rd6 32. a5 bxa5 33. Nxa5 Ra6 34. Rab1 Nd7 35. Rb7 Rd6 36. Ra7 g5 37. Rbb7 Ne5 38. Rb5 Rd1+ 39. Kh2 Re1 40. c5 Kg7 41. c6 Kf6 42. Rc5 h5 43. c7 Ke7 44. Nc6+ Nxc6 45. Rxc6 Rd1 46. Rc5 f6 47. h4 Kd6 48. Rc4 gxh4 49. Rxh4 Rd5 50. Rc4 Kd7 51. Kh3 Rd2 52. Ra5 f5 53. f4 Rxc7 54. Rxc7+ Kxc7 55. Ra7+ Kd6 56. Rh7 Rd1 57. Kh2 Kd5 58. Rxh5 Ke4 59. Rh4 Ke3 60. Kg3 Rd3 61. Rh6 Ke4+ 62. Kf2 Rd6 63. Kg3 Ke3 64. Rg6 Ke2 65. Rh6 Rd3+ 66. Kh2 Re3 67. Rf6 Kf2 68. Rg6 Kf1 69. g4 Kf2 70. gxf5 exf5 71. Ra6 Re8 72. Ra2+ Kf3 73. Ra3+ Kg4 74. Kg2 Re2+ 75. Kf1 Rb2 76. Kg1 Kxf4 77. Kf1 Kg4 78. Rc3 f4 79. Ra3 Rh2 80. Kg1 Re2 81. Kf1 Re8 82. Rb3 Rh8 83. Kg1 Rg8 84. Kf2 Ra8 85. Rc3 Ra1 86. Rb3 Ra2+ 87. Kf1 Rc2 88. Ra3 Rd2 89. Rb3 Kf5 90. Ra3 Ke4 91. Rb3 Kf5 92. Ra3 Kg4 93. Rb3 f3 94. Rb8 1/2-1/2

[Event "5th Nebesna Sotnya Rapid 2018"]
[Site "Lutsk"]
[Date "2018.02.17"]
[Round "7"]
[White "Kislinsky, Alexey"]
[Black "Solovchuk, Oleksiy"]
[Result "0-1"]
[ECO "B22"]
[WhiteElo "2407"]
[BlackElo "2364"]
[Annotator "ChessBase"]
[PlyCount "108"]
[EventDate "2018.??.??"]
[EventType "swiss"]
[EventCountry "UKR"]
[SourceTitle "playchess.com"]
[Source "ChessBase"]
[SourceQuality "1"]
[TimeControl "1200+5"]

1. e4 c5 2. c3 Nf6 3. e5 Nd5 4. d4 cxd4 5. cxd4 d6 6. Bc4 e6 7. Qe2 Nc6 8. Nf3 Be7 9. O-O Nb6 10. Bb3 d5 11. Nc3 a6 12. Be3 Bd7 13. Rad1 Rc8 14. Bc2 Nc4 15. Bb1 b5 16. a3 b4 17. axb4 Nxe3 18. fxe3 Nxb4 19. Qf2 O-O 20. Qg3 f5 21. exf6 Bxf6 22. e4 dxe4 23. Nxe4 Bb5 24. Qh3 g6 25. Qxe6+ Kg7 26. Rfe1 Nc2 27. Bxc2 Rxc2 28. Nc5 Re8 29. Ne5 Bxe5 30. dxe5 Rxc5 31. Qb3 Qb6 32. Kh1 Qe6 33. Qg3 Rxe5 34. Rg1 Re3 35. Qc7+ Re7 36. Qb8 Qe5 37. Qc8 Qc7 38. Qg4 Bc6 39. Rc1 Qd6 40. Rgd1 Bb7 41. h3 Qe5 42. Rg1 Rg3 43. Qh4 Re3 44. Rcf1 Qxb2 45. Rf4 Qe5 46. Rff1 h6 47. Rf2 g5 48. Qh5 Qe6 49. Kh2 Re2 50. Rff1 Qd6+ 51. Kh1 Qg6 52. Qg4 Qe4 53. Qg3 Re3 54. Qh2 Qe5 0-1